 Dungeon Crawl Stone Soup version 0.15-a0-94-g674142f (webtiles) character file.

112206 KaKa the Cruncher (level 17, 0/96 HPs)
             Began as a Kobold Conjurer on Apr 9, 2014.
             Was a High Priest of Vehumet.
             Slain by a black mamba (15 damage)
             ... on Level 2 of the Snake Pit.
             The game lasted 04:06:37 (46873 turns).

KaKa the Cruncher (Kobold Conjurer)                Turns: 46873, Time: 04:06:37

HP   0/96        AC 16     Str 10      XL: 17   Next:  7%
MP   0/34        EV 19     Int 20      God: Vehumet [*****.]
Gold 2582        SH  0     Dex 15      Spells: 10 memorised,  1 level left

rFire  + . .     SeeInvis .     a - +6,+5 lajatang (flame)
rCold  . . .     Clarity  .     w - +2 leather armour {rF+}
rNeg   . . .     Conserve .     (no shield)
rPois  +         rCorr    .     o - +1 helmet
rElec  .         rRot     .     y - +1 cloak
SustAb . .       Spirit   +     I - +0 pair of gloves
rMut   .         Warding  .     (no boots)
Saprov + + .     Stasis   .     d - amulet of guardian spirit
MR     +....                    s - ring of poison resistance
                                e - +5 ring of protection

@: repel missiles, somewhat resistant to hostile enchantments, quite stealthy
A: disease resistance, carnivore 3, clever 1, saprovore 2
a: Renounce Religion


You were on level 2 of the Snake Pit.
You worshipped Vehumet.
Vehumet was extremely pleased with you.
You were very full.

You visited 5 branches of the dungeon, and saw 29 of its levels.
You also visited: Sewer, Ice Cave and Volcano.

You collected 2582 gold pieces.

Inventory:

Hand weapons
 a - a +6,+5 lajatang of flaming (weapon)
 q - a +9 blowgun
Missiles
 O - 6 curare-tipped needles
Armour
 o - a +1 helmet (worn)
 w - a +2 leather armour of fire resistance (worn)
 y - a +1 cloak (worn)
 I - a +0 pair of gloves (worn)
 S - a +2 robe of cold resistance
Magical devices
 c - a wand of hasting (1)
 l - a wand of disintegration (9)
 m - a wand of teleportation (4)
 n - a wand of lightning (8)
 B - a wand of cold (5)
Comestibles
 N - 5 meat rations
Scrolls
 f - 2 scrolls of blinking
 j - a scroll of magic mapping
 x - 6 scrolls of identify
 A - 4 scrolls of teleportation
 G - 2 scrolls of fog
 K - 4 scrolls of remove curse
Jewellery
 b - an uncursed ring of teleport control
 d - an amulet of guardian spirit (around neck)
 e - a +5 ring of protection (left hand)
 h - a cursed -5 ring of dexterity {unknown}
 s - a ring of poison resistance (right hand)
 H - an uncursed ring of magical power
 P - an uncursed ring of protection from cold
 Q - a +5 ring of evasion
Potions
 t - 3 potions of curing
 C - 2 potions of heal wounds
 D - 3 potions of haste
 E - a potion of magic
 F - a potion of resistance
Books
 g - a book of Unlife

   Spells                             Type                      Level
   Recall                             Summoning/Translocation      3
   Animate Dead                       Necromancy                   4
   Control Undead                     Necromancy                   4
   Twisted Resurrection               Necromancy                   5
   Death Channel                      Necromancy                   6
   Simulacrum                         Ice/Necromancy               6


   Skills:
 - Level 7.4 Fighting
 - Level 14.0 Staves
 - Level 4.0 Armour
 - Level 10.1 Dodging
 - Level 6.4 Stealth
 - Level 10.0 Spellcasting
 - Level 12.0 Conjurations
 + Level 6.5 Charms
 - Level 10.0 Fire Magic
 - Level 7.3 Earth Magic


You had one spell level left.
You knew the following spells:

 Your Spells              Type           Power        Failure   Level  Hunger
a - Magic Dart            Conj           ####         1%          1    None
b - Mephitic Cloud        Conj/Pois/Air  ####....     1%          3    None
c - Iskenderun's Battles  Conj/Chrm      #####...     1%          5    ####...
d - Throw Icicle          Conj/Ice       ####....     2%          4    ##.....
e - Lee's Rapid Deconstr  Erth           #####.....   3%          5    ####...
f - Repel Missiles        Chrm/Air       ###...       2%          2    None
g - Blink                 Tloc           N/A          12%         2    None
h - Apportation           Tloc           ##........   10%         1    None
q - Bolt of Fire          Conj/Fire      ######....   3%          6    ######.
w - Iron Shot             Conj/Erth      #####.....   5%          6    ######.


Dungeon Overview and Level Annotations

Branches:
Dungeon (15/15)            Temple (1/1) D:7             Orc (3/4) D:9
    Elf (0/3) Orc:3          Lair (8/8) D:11          Swamp (0/5) Lair:3
  Snake (2/5) Lair:6        Slime (0/6) Lair:8       Vaults (0/5) D:14
 Depths (0/5) D:15

Altars:
Ashenzari
Cheibriados
Dithmenos
Elyvilon
Fedhas
Kikubaaqudgha
Makhleb
Nemelex Xobeh
Okawaru
Sif Muna
Trog
Vehumet
Xom
Yredelemnul
Zin
The Shining One
Jiyva

Shops:
D:14 *   D:15 (

Portals:
Trove: D:13 (show abyssal rune of Zot)

Annotations:
D:10 1 exclusion
Snake:2 Norris


Innate Abilities, Weirdness & Mutations

You recuperate from illness quickly.
You are small and have problems with some larger weapons.
You are carnivorous and can eat meat at any time.
You can eat rotten meat.
Your mind is acute. (Int +2)


Message History

You hit the black mamba but do no damage.
The black mamba bites you!
* * * LOW HITPOINT WARNING * * *
You slash the black mamba! You burn the black mamba!
The black mamba is heavily wounded.
The black mamba completely misses you. The black mamba bites you!
* * * LOW HITPOINT WARNING * * *
You miss the black mamba.
The black mamba is heavily wounded.
The black mamba misses you.
You barely miss the black mamba.
The black mamba is heavily wounded.
The black mamba bites you but does no damage.
You closely miss the black mamba.
The black mamba is heavily wounded.
The black mamba bites you but does no damage.
You hit the black mamba. You burn the black mamba.
The black mamba is heavily wounded.
The black mamba bites you!
You die...

###### #....# #....#
#....##########
#....%@S.......
#....#################
#....# #........#
###.## #........# #.#
#.......<# #.#
#........# ..
#.......%# ..
####.##)## #.##%#


You could see a black mamba.

Vanquished Creatures
  A yaktaur captain (D:15)
  Fannar (D:13)
  An ogre mage (D:14)
  Harold (D:13)
  A naga warrior (Snake:1)
  5 anacondas
  Erica (Lair:6)
  The ghost of therealpatrickswayze the Carver, a powerful FoFi of Nemelex Xobeh (D:10)
  11 hydras
  2 naga sharpshooters (Snake:1)
  24 death yaks
  A shock serpent (Snake:2)
  4 centaur warriors
  4 catoblepae (Lair:8)
  Erolcha (D:13)
  4 skeletal warriors (D:11)
  3 unseen horrors
  An ice devil (IceCv)
  A wizard (D:15)
  A deep elf summoner (D:12)
  3 naga ritualists
  2 ice statues (IceCv)
  Pikel (D:7)
  Joseph (D:8)
  An orc knight (D:15)
  A wolf spider (D:12)
  2 griffons
  A necromancer (IceCv)
  3 hill giants
  3 mana vipers
  A manticore (D:15)
  10 cyclopes
  3 molten gargoyles
  7 elephants
  2 naga magi (Snake:1)
  20 black mambas
  2 gargoyles (D:10)
  11 spiny frogs
  A yaktaur (Volcano)
  4 fire drakes
  2 centaur zombies (D:14)
  11 komodo dragons
  A hydra zombie (D:13)
  2 tengu conjurers (D:15)
  9 blue devils (IceCv)
  A centaur skeleton (D:12)
  8 blink frogs
  4 slime creatures (D:12)
  A troll (D:14)
  A trapdoor spider zombie (D:11)
  A fire vortex (Lair:5)
  3 two-headed ogres
  3 ravens (D:15)
  A wyvern (D:15)
  2 shadows
  A vampire (D:15)
  A tarantella (D:12)
  A griffon skeleton (D:14)
  2 basilisks
  A trapdoor spider (D:12)
  3 ugly things (D:14)
  4 deep elf magi
  A fire elemental (Lair:5)
  7 sharks
  An elephant slug (Lair:8)
  7 vampire mosquitoes
  3 hungry ghosts
  Grum (Orc:1)
  25 wolves
  32 yaks
  9 hippogriffs
  3 wargs
  Menkaure (D:6)
  A soldier ant (D:13)
  16 water moccasins
  6 orc warriors
  2 mottled dragons
  A necrophage (D:9)
  A black bear (D:12)
  5 nagas
  A swamp drake (D:9)
  A boring beetle (Lair:8)
  A giant goldfish (Lair:5)
  9 ice beasts
  A slave (D:7)
  11 porcupines
  6 ogres
  2 sky beasts
  3 phantoms
  16 crocodiles
  The ghost of Yermak the Sneak, an average SpEn (D:6)
  Duvessa (D:7)
  5 lava worms
  8 giant slugs
  2 big kobolds
  15 centaurs
  A gnoll sergeant (D:8)
  Blork the orc (D:8)
  18 giant frogs
  2 cyclops zombies
  An eye of draining (D:13)
  3 scorpions
  21 wights
  An electric eel (Lair:5)
  A troll skeleton (D:11)
  6 killer bees
  A tengu skeleton (D:12)
  2 goliath beetles
  5 crimson imps
  3 lava snakes
  Dowan (D:7)
  2 quasits
  2 draconian simulacra (IceCv)
  17 orc priests
  3 giant frog zombies
  A jelly (D:5)
  Crazy Yiuf (D:3)
  2 giant frog skeletons
  2 big fish
  8 hounds
  A cyclops simulacrum (D:12)
  5 iguanas
  22 orc wizards
  A troll simulacrum (IceCv)
  4 spriggan simulacra (IceCv)
  6 sheep
  8 worker ants
  Ijyb (D:2)
  A brain worm zombie (D:13)
  2 centaur simulacra (IceCv)
  A hound skeleton (D:6)
  A mummy (D:7)
  A worker ant zombie (D:11)
  34 adders
  10 gnolls
  69 green rats
  A naga simulacrum (IceCv)
  A shadow imp (D:13)
  4 giant mites
  4 worms
  2 giant eyeballs
  13 giant geckos
  4 oozes
  108 orcs
  A bat skeleton (D:4)
  A bat zombie (D:5)
  7 giant cockroaches
  17 hobgoblins
  34 jackals
  10 quokkas
  13 ball pythons
  20 bats
  6 giant newts
  2 giant spores
  20 goblins
  A hobgoblin skeleton (D:7)
  26 kobolds
  An orc skeleton (D:9)
  An orc zombie (D:10)
  43 rats
  2 ballistomycetes
  2 fungi
  2 plants
1034 creatures vanquished.

Vanquished Creatures (others)
  A bat (D:7)
  A giant spore (D:9)
  33 fungi
  12 plants
47 creatures vanquished.

Grand Total: 1081 creatures vanquished

Notes
Turn   | Place    | Note
--------------------------------------------------------------
     0 | D:1      | KaKa, the Kobold Conjurer, began the quest for the Orb.
     0 | D:1      | Reached XP level 1. HP: 10/10 MP: 3/3
   269 | D:1      | Reached XP level 2. HP: 15/15 MP: 0/4
   322 | D:1      | Reached skill level 4 in Conjurations
   949 | D:1      | Reached XP level 3. HP: 13/19 MP: 0/6
  1055 | D:1      | Learned a level 2 spell: Searing Ray
  1454 | D:2      | Found a basalt altar of Yredelemnul.
  1752 | D:2      | Noticed Ijyb
  1817 | D:2      | Killed Ijyb
  1817 | D:2      | Reached skill level 5 in Conjurations
  1817 | D:2      | Reached XP level 4. HP: 11/24 MP: 0/7
  2928 | D:2      | Found a radiant altar of Vehumet.
  2931 | D:2      | Found a deep blue altar of Sif Muna.
  2937 | D:2      | Became a worshipper of Vehumet
  3492 | D:3      | Reached XP level 5. HP: 28/28 MP: 2/9
  4040 | D:3      | Learned a level 5 spell: Iskenderun's Battlesphere
  4123 | D:3      | Acquired Vehumet's first power
  4123 | D:3      | Offered knowledge of Sandblast by Vehumet.
  4203 | D:3      | Reached skill level 6 in Conjurations
  4556 | D:3      | Reached skill level 1 in Charms
  4556 | D:3      | Reached XP level 6. HP: 24/32 MP: 2/10
  4956 | D:3      | Noticed Crazy Yiuf
  4972 | D:3      | Killed Crazy Yiuf
  5457 | D:4      | Found a glowing drain.
  5466 | D:4      | Reached XP level 7. HP: 6/36 MP: 7/12
  5655 | Sewer    | Entered a sewer
  5803 | Sewer    | Offered knowledge of Throw Frost by Vehumet.
  6327 | Sewer    | Offered knowledge of Static Discharge by Vehumet.
  6783 | D:4      | Acquired Vehumet's second power
  6825 | D:5      | Entered Level 5 of the Dungeon
  6865 | D:5      | Reached skill level 5 in Charms
  6865 | D:5      | Reached XP level 8. HP: 41/41 MP: 7/13
  7780 | D:5      | Offered knowledge of Throw Icicle by Vehumet.
  8277 | D:5      | Found a bloodstained altar of Trog.
  8584 | D:6      | Noticed Menkaure
  8587 | D:6      | Killed Menkaure
  8594 | D:6      | Learned a level 4 spell: Throw Icicle
  8808 | D:6      | Noticed Yermak's ghost (average SpEn)
  8812 | D:6      | Killed Yermak's ghost
  8812 | D:6      | Reached skill level 7 in Conjurations
  8812 | D:6      | Reached XP level 9. HP: 45/45 MP: 10/17
  9065 | D:6      | Found an iron altar of Okawaru.
  9545 | D:7      | Noticed Dowan
  9549 | D:7      | Noticed Duvessa
  9549 | D:7      | Killed Dowan
  9549 | D:7      | Acquired Vehumet's third power
  9555 | D:7      | Killed Duvessa
  9555 | D:7      | Reached skill level 8 in Conjurations
  9748 | D:7      | Found a staircase to the Ecumenical Temple.
  9758 | Temple   | Entered the Ecumenical Temple
  9957 | D:7      | Noticed Pikel
  9968 | D:7      | Killed Pikel
  9968 | D:7      | Reached skill level 9 in Conjurations
 10108 | D:7      | Offered knowledge of Lee's Rapid Deconstruction by Vehumet.
 10131 | D:7      | Noticed Joseph
 11601 | D:8      | Killed Joseph
 11601 | D:8      | Reached XP level 10. HP: 30/50 MP: 4/23
 11608 | D:8      | Learned a level 5 spell: Lee's Rapid Deconstruction
 12211 | D:8      | Noticed Blork the orc
 12227 | D:8      | Killed Blork the orc
 12374 | D:8      | Found a white marble altar of Elyvilon.
 12534 | D:9      | Reached skill level 10 in Conjurations
 12869 | D:9      | Reached skill level 1 in Fighting
 13496 | D:9      | Found a staircase to the Orcish Mines.
 13545 | D:9      | Reached skill level 5 in Stealth
 14077 | D:9      | Offered knowledge of Delayed Fireball by Vehumet.
 14229 | D:10     | Entered Level 10 of the Dungeon
 14295 | D:10     | Noticed a gargoyle
 14307 | D:10     | Killed a gargoyle
 14307 | D:10     | Reached skill level 5 in Dodging
 14498 | D:10     | Reached XP level 11. HP: 57/59 MP: 21/25
 14641 | D:10     | Noticed therealpatrickswayze's ghost (powerful FoFi)
 14760 | D:11     | Noticed a skeletal warrior
 14760 | D:11     | Noticed a skeletal warrior
 14761 | D:11     | Noticed a skeletal warrior
 14761 | D:11     | Noticed a skeletal warrior
 15059 | D:11     | Paralysed by a giant eyeball for 3 turns
 15066 | D:11     | Paralysed by a giant eyeball for 4 turns
 15159 | D:11     | Found a staircase to the Lair.
 15165 | D:11     | Noticed a cyclops
 15210 | D:11     | Reached skill level 5 in Fighting
 15227 | D:11     | Killed a cyclops
 15333 | Lair:1   | Entered Level 1 of the Lair of Beasts
 15444 | D:11     | Noticed a griffon
 15445 | D:11     | Noticed a griffon
 15447 | D:11     | Noticed a griffon
 15644 | D:9      | Reached skill level 1 in Earth Magic
 16056 | D:10     | Noticed a hill giant
 16234 | D:10     | Killed a hill giant
 16334 | D:10     | Noticed a gargoyle
 16337 | D:10     | Killed a gargoyle
 17033 | D:12     | Noticed an eight-headed hydra
 17045 | D:12     | Killed an eight-headed hydra
 17045 | D:12     | Reached skill level 5 in Earth Magic
 17766 | D:12     | Noticed a wolf spider
 17770 | D:12     | Killed a wolf spider
 17869 | D:12     | Reached XP level 12. HP: 70/70 MP: 20/26
 18423 | D:12     | Noticed a deep elf summoner
 18435 | D:12     | Killed a deep elf summoner
 18497 | D:12     | Learned a level 3 spell: Mephitic Cloud
 18500 | D:12     | Learned a level 2 spell: Repel Missiles
 18857 | D:11     | Killed a skeletal warrior
 18958 | D:11     | Killed a skeletal warrior
 19133 | D:11     | Offered knowledge of Bolt of Fire by Vehumet.
 19225 | D:11     | Learned a level 6 spell: Bolt of Fire
 19234 | D:11     | Noticed an eight-headed hydra
 19502 | D:11     | Killed an unseen horror
 19685 | D:11     | Killed a skeletal warrior
 19696 | D:11     | Killed an eight-headed hydra
 19960 | D:11     | Killed a skeletal warrior
 20052 | Lair:1   | Learned a level 1 spell: Apportation
 20074 | Lair:1   | Reached skill level 5 in Fire Magic
 20138 | Lair:1   | Noticed a seven-headed hydra
 20151 | Lair:1   | Killed a seven-headed hydra
 20622 | Lair:1   | Found a shattered altar of Ashenzari.
 21045 | Lair:1   | Noticed an eight-headed hydra
 21050 | Lair:1   | Killed an eight-headed hydra
 21465 | D:11     | Noticed a seven-headed hydra
 21579 | D:11     | Reached XP level 13. HP: 47/74 MP: 25/29
 21630 | D:11     | Killed a seven-headed hydra
 24524 | Lair:3   | Offered knowledge of Force Lance by Vehumet.
 24542 | Lair:3   | Reached skill level 10 in Fire Magic
 25041 | Lair:3   | Found a staircase to the Swamp.
 25555 | Lair:4   | Reached skill level 11 in Conjurations
 27463 | Lair:5   | Reached skill level 12 in Conjurations
 27951 | Lair:5   | Reached XP level 14. HP: 64/80 MP: 15/30
 29215 | Lair:6   | Reached skill level 10 in Dodging
 29284 | Lair:6   | Offered knowledge of Orb of Destruction by Vehumet.
 29713 | Lair:6   | Noticed Erica
 29740 | Lair:6   | Found a staircase to the Snake Pit.
 29936 | Lair:6   | Reached skill level 1 in Armour
 30416 | Lair:6   | Killed Erica
 32596 | D:10     | Killed therealpatrickswayze's ghost
 33059 | Lair:8   | Entered Level 8 of the Lair of Beasts
 33303 | Lair:8   | Found a dark tunnel.
 33346 | Volcano  | Entered a volcano
 33895 | Volcano  | Found a bloodstained altar of Trog.
 33912 | Volcano  | Offered knowledge of Spellforged Servitor by Vehumet.
 34363 | Lair:8   | Reached skill level 10 in Spellcasting
 34396 | Lair:8   | Reached skill level 1 in Staves
 35018 | Lair:8   | Reached XP level 15. HP: 85/85 MP: 19/32
 35223 | Lair:8   | Reached skill level 5 in Staves
 37232 | Lair:8   | Got a faintly glowing flail
 37682 | Lair:8   | Offered knowledge of Conjure Ball Lightning by Vehumet.
 37832 | Lair:8   | Found a viscous altar of Jiyva.
 37832 | Lair:8   | Found a staircase to the Slime Pits.
 38489 | Orc:1    | Entered Level 1 of the Orcish Mines
 38514 | Orc:1    | Noticed Grum
 38556 | Orc:1    | Killed Grum
 39164 | Orc:3    | Found a staircase to the Elven Halls.
 39255 | Orc:2    | Reached skill level 10 in Staves
 40176 | D:13     | Found a frozen archway.
 40254 | IceCv    | Entered an ice cave
 40717 | IceCv    | Reached XP level 16. HP: 63/90 MP: 22/33
 40834 | IceCv    | Got a polished lajatang
 40844 | IceCv    | Identified the +1,+5 lajatang "Piss" {antimagic, rF+ Int+2} (You took it off a necromancer in an ice cave)
 41453 | D:13     | Noticed Erolcha
 41693 | D:13     | Killed Erolcha
 41808 | D:13     | Offered knowledge of Iron Shot by Vehumet.
 41816 | D:13     | Learned a level 6 spell: Iron Shot
 41940 | D:13     | Found a portal to a secret trove of treasure.
 42031 | D:13     | Noticed Fannar
 42034 | D:13     | Killed Fannar
 42489 | D:13     | Noticed Harold
 42494 | D:13     | Killed Harold
 42810 | D:14     | Found a gate to the Vaults.
 43157 | D:14     | Found Pnaow Led's General Store.
 43358 | D:14     | Found a shadowy altar of Dithmenos.
 43398 | D:14     | Found a blossoming altar of Fedhas.
 43643 | D:15     | Entered Level 15 of the Dungeon
 43680 | D:15     | Identified the +8,+7 flail "Ceowos Ugio" {pain, +Blink} (You found it on level 8 of the Lair of Beasts)
 43736 | D:15     | Gained mutation: Your mind is acute. (Int +2) [potion of beneficial mutation]
 44335 | D:15     | Found Cabohom's Antique Weapon Emporium.
 44671 | D:15     | Found a staircase to the Depths.
 44677 | D:15     | Reached skill level 13 in Staves
 44962 | Lair:1   | Learned a level 2 spell: Blink
 45055 | Snake:1  | Entered Level 1 of the Snake Pit
 46393 | Snake:1  | Reached skill level 14 in Staves
 46527 | Snake:1  | Reached XP level 17. HP: 72/96 MP: 5/34
 46841 | Snake:2  | Noticed Norris
 46854 | Snake:2  | Paralysed by Norris for 4 turns
 46873 | Snake:2  | Slain by a black mamba

Action                   |  1- 3 |  4- 6 |  7- 9 | 10-12 | 13-15 | 16-18 || total
-------------------------+-------+-------+-------+-------+-------+-------++-------
Melee: Unarmed           |     7 |       |       |       |     4 |       ||    11
       Short sword       |    78 |     6 |       |       |       |       ||    84
       Whip              |       |   113 |    81 |   127 |   190 |       ||   511
       Staff             |       |       |    19 |    17 |       |       ||    36
       Scimitar          |       |       |       |       |    66 |       ||    66
       Lajatang          |       |       |       |       |   289 |   386 ||   675
Throw: Dart              |       |       |       |       |     7 |       ||     7
 Cast: Magic Dart        |    50 |    83 |   192 |   396 |   579 |    27 ||  1327
       Searing Ray       |     3 |    19 |    49 |    26 |       |       ||    97
       Iskenderun's Batt |       |       |    14 |   105 |   138 |     8 ||   265
       Throw Icicle      |       |       |       |    49 |   106 |     1 ||   156
       Lee's Rapid Decon |       |       |       |    26 |     9 |       ||    35
       Repel Missiles    |       |       |       |     1 |       |     1 ||     2
       Mephitic Cloud    |       |       |       |       |    32 |       ||    32
       Bolt of Fire      |       |       |       |       |   144 |   108 ||   252
       Iron Shot         |       |       |       |       |       |     3 ||     3
Evoke: Wand              |       |       |       |    10 |     9 |     2 ||    21
  Use: Scroll            |       |     1 |     2 |    20 |    15 |     7 ||    45
       Potion            |       |     3 |     2 |     6 |       |     2 ||    13
 Stab: Sleeping          |       |     4 |     3 |     3 |     8 |    10 ||    28
       Confused          |       |       |       |       |     4 |       ||     4
